 Dungeon Crawl Stone Soup version 0.30-a0-377-g5cb311bc9f (webtiles) character file.

Game seed: 12283434997799156306

607 qeuew the Trooper (level 7, -9/58 HPs)
             Began as a Formicid Fighter on Nov 28, 2022.
             Was a Believer of Trog.
             Mangled by Prince Ribbit (11 damage)
             ... on level 5 of the Dungeon.
             The game lasted 00:03:31 (3483 turns).

qeuew the Trooper (Formicid Fighter)                Turns: 3483, Time: 00:03:32

Health: -9/58      AC:  8    Str: 20    XL:     7   Next: 71%
Magic:  7/7        EV: 10    Int:  8    God:    Trog [**....]
Gold:   205        SH:  5    Dex: 15    Spells: 6/6 levels left

rFire   . . .      SeeInvis +    a - +0 war axe
rCold   . . .      Faith    .    c - +0 buckler
rNeg    . . .      Spirit   .    b - +1 scale mail
rPois   .          Reflect  .    (helmet unavailable)
rElec   .          Harm     .    (no cloak)
rCorr   .          Rampage  .    (no gloves)
Will    .....                    (no boots)
Stlth   ..........               (no amulet)
HPRegen 0.29/turn                (no ring)
MPRegen 0.10/turn                (no ring)

@: no status effects
A: permanent stasis, dig shafts and tunnels, antennae 3, four strong arms
a: Dig, Shaft Self, Renounce Religion, Trog's Hand


You were on level 5 of the Dungeon.
You worshipped Trog.
Trog was pleased with you.
You visited 1 branch of the dungeon, and saw 5 of its levels.

You collected 205 gold pieces.

Inventory:

Hand Weapons
 a - a +0 war axe (weapon)
Armour
 b - a +1 scale mail (worn)
 c - a +0 buckler (worn)
Jewellery
 h - a ring of protection from fire
Wands
 g - a wand of paralysis (7)
 l - a wand of roots (2)
Scrolls
 f - a scroll of identify
Potions
 d - a potion of might
 e - 2 potions of curing


   Skills:
 * Level 6.0 Fighting
 + Level 3.6 Axes
 + Level 4.6 Armour
 + Level 2.4 Dodging
 + Level 5.8 Shields


You had 6 spell levels left.
You didn't know any spells.
Your spell library contained the following spells:

 Spells                   Type           Power      Damage    Failure   Level
 Beastly Appendage        Tmut           0%         N/A       82%         1
 Magic Dart               Conj           0%         1d3       82%         1
 Wereblood                Tmut           0%         N/A       91%         2
 Spider Form              Tmut/Pois      0%         N/A       99%         3


Dungeon Overview and Level Annotations

Branches:
Dungeon (5/15)
 Temple: D:4-7

Altars:
Trog

Annotations:
D:5 Prince Ribbit


Innate Abilities, Weirdness & Mutations

You cannot be hasted, slowed, berserked, paralysed or teleported.
You can dig through walls and to a lower floor.
You have a pair of large antennae on your head. (SInv)
Your four strong arms can wield two-handed weapons with a shield.


Message History

Prince Ribbit hits you!
Prince Ribbit hits you but does no damage.
You closely miss Prince Ribbit.
Prince Ribbit is heavily wounded.
Prince Ribbit barely misses you.
Prince Ribbit hits you but does no damage.
You barely miss Prince Ribbit.
Prince Ribbit is heavily wounded.
You feel the effects of Trog's Hand fading.
Prince Ribbit hits you!
You closely miss Prince Ribbit.
Prince Ribbit is heavily wounded.
Prince Ribbit hits you!
* * * LOW HITPOINT WARNING * * *
Prince Ribbit hits you.
* * * LOW HITPOINT WARNING * * *
You miss Prince Ribbit.
Prince Ribbit is heavily wounded.
Prince Ribbit blinks!
Things that are here:
a +0 dagger; a +0 robe; an orc corpse Prince Ribbit lets out a mournful croak.
Prince Ribbit blinks! x2
Things that are here:
a +0 short sword; an orc corpse Your skin stops crawling.
You feel less strong-willed.
Prince Ribbit blinks!
Prince Ribbit catches a fly with his tongue.
Things that are here:
a +0 short sword; an orc corpse Prince Ribbit hits you!
* * * LOW HITPOINT WARNING * * *
Prince Ribbit hits you.
* * * LOW HITPOINT WARNING * * *
Things that are here:
a +0 dagger; a +0 robe; an orc corpse You closely miss Prince Ribbit.
Prince Ribbit is moderately wounded.
Prince Ribbit hits you!
You die...

##########
.........#############
########..........)..#
#############.# #.#
#.# ###########.#
.......)....#
......F@)...#
.#.###.####.# #. ....
.. #..... { ##.
####### #. #. # #. ###


You could see Prince Ribbit.

Vanquished Creatures
  An ogre (D:4)
  2 scorpions
  An orc priest (D:5)
  Crazy Yiuf (D:4)
  A hound (D:4)
  An iguana (D:5)
  4 orc wizards
  9 adders
  A worm (D:3)
  5 dart slugs
  9 orcs
  5 endoplasms
  A giant cockroach (D:2)
  15 goblins
  9 hobgoblins
  7 jackals (D:1)
  4 quokkas
  3 ball pythons
  6 bats
  4 frilled lizards
  6 kobolds
  9 rats
104 creatures vanquished.

Notes
Turn   | Place    | Note
-------+----------+-------------------------------------------
     0 | D:1      | qeuew the Formicid Fighter began the quest for the Orb.
     0 | D:1      | Reached XP level 1. HP: 18/18 MP: 1/1
   101 | D:1      | Reached XP level 2. HP: 21/24 MP: 2/2
   205 | D:1      | Reached XP level 3. HP: 30/30 MP: 3/3
   737 | D:2      | Reached XP level 4. HP: 35/37 MP: 4/4
   931 | D:2      | Found a faded altar of an unknown god.
   939 | D:2      | Got Plato's Compilation of Attacks
   958 | D:2      | Reached skill level 4 in Fighting
   975 | D:2      | Prayed at the altar of an unknown god.
   975 | D:2      | Became a worshipper of Trog the Wrathful
   975 | D:2      | Reached * piety under Trog
  1044 | D:2      | Reached skill level 1 in Dodging
  1631 | D:3      | Reached XP level 5. HP: 42/42 MP: 5/5
  1997 | D:3      | Reached skill level 5 in Shields
  2050 | D:3      | Reached XP level 6. HP: 46/50 MP: 6/6
  2050 | D:3      | Reached ** piety under Trog
  2290 | D:4      | Reached skill level 5 in Fighting
  2350 | D:4      | Noticed an ogre
  2359 | D:4      | Killed an ogre
  2360 | D:4      | Reached XP level 7. HP: 42/56 MP: 7/7
  3022 | D:4      | Found a runed translucent door.
  3023 | D:4      | Noticed Crazy Yiuf
  3033 | D:4      | Killed Crazy Yiuf
  3053 | D:5      | Entered Level 5 of the Dungeon
  3222 | D:5      | HP: 2/57 [orc/+0 flail (7)]
  3449 | D:5      | Noticed Prince Ribbit
  3464 | D:5      | Reached skill level 6 in Fighting
  3482 | D:5      | HP: 2/58 [Prince Ribbit (3)]
  3483 | D:5      | Mangled by Prince Ribbit

Illustrated notes

Levels and vault maps discovered:
D:1:      lemuel_arrival_funnel, layout_basic, minmay_misc_feat_nine_boxes
D:2:      layout_loops_ring, shapermc_ecumenical_altar_rom_forum, minmay_unequal
D:3:      kennysheep_six_static_rooms, layout_basic
D:4:      layout_gridville, nrook_mini_vaults, st_stairs_6,
          uniq_crazy_yiuf_cottage
D:5:      layout_loops_ring, serial_rivers, chequers_serial_rivers_micro_a,
          chequers_serial_rivers_small_b, chequers_serial_rivers_micro_c,
          chequers_serial_rivers_room_a, uniq_prince_ribbit1, uniq_pikel

Skill      XL: |  1  2  3  4  5  6  7 |
---------------+----------------------+-----
Fighting       | 4 5 6 |  6.0
Dodging        | 1 2 |  2.4
Shields        | 5 |  5.8
Armour         | 4 |  4.6
Axes           | 3 |  3.6

Action                   |  1- 3 |  4- 6 |  7- 9 || total
-------------------------+-------+-------+-------++-------
Melee: War axe           |    96 |   130 |    88 ||   314
Invok: Trog's Hand       |       |       |     1 ||     1
  Use: Scroll            |     2 |     4 |     3 ||     9
       Potion            |     1 |       |     1 ||     2
Armor: Scale mail        |    43 |    72 |    28 ||   143
Dodge: Dodged            |    46 |    70 |    38 ||   154
Block: Buckler           |    37 |    47 |    26 ||   110

Table legend: (Time is in decaauts)
 A = Elapsed time spent in this place.
 B = Non-inter-level travel time spent in this place.
 C = Inter-level travel time spent in this place.
 D = Time resting spent in this place.
 E = Time spent auto-exploring this place.
 F = Levels seen in this place.
 G = Mean time per level.
                   A        B        C        D        E       F      G
               +--------+--------+--------+--------+--------+-----+--------+
         Total |   3604 |   3520 |     84 |      0 |   2795 |   5 |  720.8 |
       Dungeon |   3604 |   3520 |     84 |      0 |   2795 |   5 |  720.8 |
               +--------+--------+--------+--------+--------+-----+--------+

Top non-repeatable levels by time:
     D:3: 1023 daAuts
     D:4: 789 daAuts
     D:2: 785 daAuts
     D:1: 554 daAuts
     D:5: 451 daAuts
